Map: 파라 사이트 - 래더

Players

herO

  • Race: Protoss Protoss
  • League: Grandmaster
  • Spawn Location: 11:00

Dark - Winner!

  • Race: Zerg Zerg
  • League: Grandmaster
  • Spawn Location: 5:00

Event: IEM Season 13 - Katowice Server Qualifiers Asia 1

VOD

Have the link to the VOD?

Description

Time

  • Played on: Jan. 14, 2019, 4:26 a.m.
  • Length: 9:45

All games in this series

Show
View Real Time Build Order
Export as new Build Order

herO Protoss 

Build Orders: 1 Gate Expand, Archon Immortal, Archon Drop, Dark Templar Rush 

Get SALT Encoding   

  12  0:00  Probe  
  13  0:12  Probe  
  14  0:17  Pylon  
  14  0:24  Probe  
  15  0:30  Assimilator  
  15  0:32  Probe  
  15  0:40  Probe  
  16  0:47  Gateway  
  17  0:51  Probe  
  18  1:03  Probe  
  19  1:15  Probe  
  20  1:22  Nexus  
  20  1:34  Cybernetics Core  
  20  1:35  Probe  
  21  1:40  Assimilator  
  21  1:47  Probe  
  21  1:50  Pylon  
  22  1:59  Probe  
  23  2:01  Adept  
  23  2:11  Probe, Warp Gate  
  26  2:20  Twilight Council  
  26  2:23  Probe  
  26  2:27  Stalker  
  29  2:31  Probe x2  
  31  2:39  Probe  
  31  2:40  Probe  
  33  2:49  Probe  
  33  2:50  Probe  
  33  2:56  Robotics Facility  
  34  3:03  Probe x2  
  36  3:15  Probe x2  
  36  3:18  Dark Shrine  
  38  3:21  Gateway  
  38  3:27  Probe  
  38  3:28  Probe  
  38  3:33  Shield Battery  
  40  3:34  Gateway  
  40  3:36  Gateway, Warp Prism  
  40  3:41  Probe x2  
  44  3:51  Pylon  
  44  3:53  Probe  
  44  3:54  Probe  
  46  3:57  Assimilator  
  46  4:00  Assimilator  
  46  4:06  Pylon  
  46  4:09  Probe x2  
  48  4:17  Pylon  
  48  4:21  Probe  
  49  4:26  Probe  
  49  4:31  Dark Templar x4  
  54  4:37  Archon x2  
  58  4:38  Probe  
  59  4:46  Observer  
  59  4:49  Nexus  
  59  4:51  Pylon  
  60  5:01  Immortal  
  60  5:04  Dark Templar x2  
  60  5:05  Probe x2  
  70  5:17  Probe x2  
  72  5:28  Charge  
  72  5:29  Probe  
  72  5:30  Probe, Immortal  
  72  5:41  Probe  
  72  5:42  Probe, Forge  
  78  5:53  Shield Battery  
  78  5:55  Pylon  
  78  5:56  Protoss Ground Weapons Level 1  
  78  6:01  Probe x2  
  80  6:05  Immortal  
  80  6:06  Probe  
  85  6:11  Sentry x2  
  85  6:12  Sentry  
  85  6:13  Probe x2  
  85  6:18  Gateway x2, Probe  
  93  6:25  Probe x2  
  96  6:30  Assimilator  
  96  6:31  Probe, Assimilator  
  97  6:37  Probe x2  
  97  6:38  Gateway  
  99  6:43  Probe  
  100  6:49  Probe, Pylon x2  
  100  6:50  Blink, Pylon  
  101  7:04  Gateway, Pylon  
  101  7:05  Gateway  
  107  7:12  Sentry  
  107  7:13  Sentry, Zealot x4  
  117  7:16  Probe, Shield Battery  
  117  7:20  Immortal  
  118  7:28  Probe  
  115  7:32  Dark Templar  
  115  7:33  Dark Templar  
  115  7:35  Dark Templar  
  115  7:36  Dark Templar  
  122  7:41  Archon  
  122  7:42  Archon  
  122  7:49  Gateway  
  122  7:50  Gateway  
  122  7:55  Templar Archives  
  122  8:04  Dark Templar x2  
  122  8:05  Zealot  
  132  8:07  Pylon  
  132  8:08  Photon Cannon  
  132  8:15  Photon Cannon, Pylon  
  132  8:16  Pylon  
  110  8:29  Stalker x7  
  80  8:54  Stalker x4  
  80  8:55  Stalker  
  83  9:00  Probe x3  
  77  9:15  Dark Templar  
  77  9:16  Zealot x2  
  75  9:22  Dark Templar  
Show
View Real Time Build Order
Export as new Build Order

Dark Zerg - Winner!

Build Orders: Hatch First 

Get SALT Encoding   

  12  0:00  Drone  
  13  0:12  Overlord  
  13  0:17  Drone  
  14  0:30  Drone x2  
  14  0:34  Drone  
  17  0:51  Hatchery  
  17  0:53  Drone  
  18  0:57  Drone  
  18  1:07  Extractor  
  18  1:11  Spawning Pool  
  16  1:14  Drone  
  16  1:18  Drone  
  18  1:31  Drone  
  19  1:39  Drone  
  20  1:45  Hatchery  
  19  1:53  Drone  
  21  2:01  Drone  
  21  2:03  Queen  
  21  2:08  Queen  
  23  2:12  Zergling x2  
  26  2:18  Overlord  
  26  2:21  Drone  
  27  2:39  Drone x4  
  27  2:44  Queen  
  31  2:50  Zergling x2  
  34  2:56  Overlord, Drone  
  35  3:03  Queen  
  36  3:06  Drone  
  36  3:14  Drone x4  
  36  3:16  Drone  
  41  3:24  Overlord  
  41  3:25  Drone  
  42  3:31  Overlord  
  42  3:32  Drone  
  42  3:39  Spore Crawler  
  42  3:40  Overlord x2  
  41  3:41  Drone  
  41  3:42  Drone x2  
  41  3:45  Drone x2  
  47  3:48  Drone  
  47  3:53  Roach Warren  
  46  3:57  Lair  
  46  3:58  Drone  
  46  4:00  Drone  
  46  4:01  Drone  
  49  4:04  Drone  
  49  4:05  Drone  
  49  4:07  Drone x2  
  53  4:10  Extractor, Drone  
  53  4:12  Drone  
  53  4:15  Drone x2  
  56  4:18  Drone x2  
  56  4:23  Spore Crawler  
  56  4:33  Roach x3  
  56  4:34  Roach  
  56  4:38  Extractor x2  
  63  4:40  Roach x3  
  63  4:42  Drone x4  
  72  4:49  Overlord  
  72  4:51  Drone  
  73  4:54  Overseer  
  73  4:55  Overlord  
  73  5:02  Overlord  
  73  5:04  Overlord  
  73  5:07  Overlord  
  73  5:09  Extractor  
  73  5:10  Glial Reconstitution  
  73  5:13  Overlord x2  
  72  5:14  Roach x2, Extractor  
  72  5:16  Drone x6  
  72  5:18  Roach  
  81  5:26  Drone  
  81  5:27  Ravager, Overseer  
  83  5:28  Drone x2  
  83  5:29  Drone  
  83  5:33  Drone  
  80  5:43  Roach x2  
  80  5:44  Drone  
  80  5:45  Drone x2  
  85  6:09  Drone x8  
  85  6:10  Spire, Drone  
  93  6:12  Drone x2  
  93  6:13  Drone  
  93  6:17  Drone x2  
  98  6:24  Overlord x2  
  98  6:26  Overlord  
  98  6:30  Hatchery, Metabolic Boost  
  93  6:47  Drone x7  
  93  6:48  Drone  
  93  6:52  Roach x4  
  109  7:01  Overlord  
  109  7:13  Overlord  
  109  7:14  Overlord  
  107  7:26  Mutalisk  
  107  7:27  Mutalisk x9  
  127  7:32  Mutalisk x2  
  131  7:44  Overlord  
  131  7:45  Roach x5  
  131  7:50  Evolution Chamber  
  140  7:52  Queen  
  140  7:54  Roach x5  
  140  7:55  Overlord x4  
  152  8:05  Overlord  
  152  8:13  Overlord  
  152  8:15  Roach x2  
  152  8:18  Ravager x4  
  160  8:20  Roach x3  
  160  8:21  Roach x5  
  176  8:35  Zergling x2  
  176  8:36  Zergling x18  
  152  8:53  Roach  
  152  8:54  Roach x10  
  174  8:56  Roach  
  174  9:02  Roach x2  
  176  9:06  Roach  
  176  9:07  Hatchery  
  176  9:09  Roach  
  178  9:10  Roach  
  178  9:15  Roach x2  
  176  9:19  Roach x2  

Tags
 
Add a new tag
Caveats
  • Supply blocks, unpowered buildings, or Contaminate may cause inaccurate times.
  • Supply counts are checked every 10 seconds.